 Dungeon Crawl Stone Soup version 0.31-a0-267-g3fc6992b3b (webtiles) character file.

Game seed: 13393178989739853916

51 qw the Shooter (level 3, -4/29 HPs)
             Began as a Minotaur Hexslinger on July 13, 2023.
             Frozen to death by an endoplasm (5 damage)
             ... on level 2 of the Dungeon.
             The game lasted 00:00:24 (925 turns).

qw the Shooter (Minotaur Hexslinger)                 Turns: 925, Time: 00:00:24

Health: -4/29      AC:  4    Str: 12    XL:     3   Next: 57%
Magic:  3/3        EV: 12    Int: 10    God:
Gold:   55         SH:  0    Dex: 14    Spells: 3/4 levels left

rFire   . . .        Y - +1 sling
rCold   . . .        (no shield)
rNeg    + . .        g - +0 leather armour
rPois   .            (helmet restricted)
rElec   .            k - +0 cloak
rCorr   .            (no gloves)
SInv    .            (no boots)
Will    .....        (no amulet)
Stlth   +            j - ring of positive energy
HPRegen 0.24/turn    (no ring)
MPRegen 0.08/turn

%: no passive effects
@: no status effects
A: horns 2, retaliatory headbutt
a: no special abilities


You were on level 2 of the Dungeon.
You visited 1 branch of the dungeon, and saw 2 of its levels.

You collected 55 gold pieces.


Innate Abilities, Weirdness & Mutations

You have a pair of horns on your head.
You reflexively headbutt those who attack you in melee.


   Skills:
 - Level 2.0 Fighting
 + Level 4.1 Ranged Weapons
 - Level 2.1 Dodging
 - Level 1.0 Spellcasting
 - Level 2.0 Hexes


You had 3 spell levels left.
You knew the following spells:

 Your Spells              Type           Power      Damage    Failure   Level
a - Slow                  Hex            16%        N/A       19%         1

Your spell library contained the following spells:

 Spells                   Type           Power      Damage    Failure   Level
 Inner Flame              Hex/Fire       2%         N/A       65%         3
 Portal Projectile        Hex/Tloc       4%         N/A       65%         3
 Cause Fear               Hex            2%         N/A       88%         4

Inventory:

Hand Weapons
 Y - a +1 sling (weapon)
Armour
 g - a +0 leather armour (worn)
 k - a +0 cloak (worn)
Jewellery
 j - a ring of positive energy (left hand)
Potions
 d - a potion of curing {unknown}

Dungeon Overview and Level Annotations

Branches:
Dungeon (2/15)

Altars:


Message History

The phantom hits you.
The phantom blinks!
You blink.
You shoot a sling bullet.
The sling bullet closely misses the phantom.
The endoplasm quivers.
The phantom hits you but does no damage.
You shoot a sling bullet.
The sling bullet closely misses the phantom.
The phantom hits you.
You shoot a sling bullet. The sling bullet misses the phantom.
The endoplasm freezes you.
You are frozen.
The phantom misses you.
You shoot a sling bullet. The sling bullet misses the phantom.
The phantom closely misses you. The endoplasm freezes you.
You are frozen.
The endoplasm freezes you.
You are frozen.
The phantom misses you.
You shoot a sling bullet.
The sling bullet barely misses the phantom.
The endoplasm barely misses you. The phantom misses you.
You shoot a sling bullet.
The sling bullet barely misses the phantom.
The endoplasm hits you but does no damage.
The phantom completely misses you. You furiously retaliate!
You headbutt the phantom! You shoot a sling bullet.
The sling bullet closely misses the phantom.
The phantom barely misses you. The endoplasm freezes you.
You are frozen.
You shoot a sling bullet.
The sling bullet hits the phantom but does no damage.
The phantom is almost destroyed.
The endoplasm hits you.
The phantom hits you but does no damage.
You shoot a sling bullet.
The sling bullet barely misses the phantom.
The endoplasm freezes you.
You are frozen.
You die...

#......# #.....#
.....# #..w..#
.....# ###..## .....
###?.#####....
#...........#
..####...........#.#
..?...........J....#
.####.......@...#
#<.........W...#
####%..........#
#...........#
#...........#
.........)..#
##...........#
#....$.......
#########


You could see a phantom, a worm and an endoplasm.

Vanquished Creatures
  2 adders (D:2)
  2 dart slugs (D:1)
  A bat (D:1)
  2 endoplasms (D:1)
  A giant cockroach (D:1)
  2 goblins (D:1)
  3 hobgoblins (D:1)
  3 jackals (D:1)
  3 quokkas (D:1)
  4 ball pythons (D:1)
  2 frilled lizards (D:1)
  A kobold (D:1)
  A rat (D:1)
27 creatures vanquished.

Notes
Turn   | Place    | Note
-------+----------+-------------------------------------------
     0 | D:1      | qw the Minotaur Hexslinger began the quest for the Orb.
     0 | D:1      | Reached XP level 1. HP: 16/16 MP: 1/1
     0 | D:1      | 0 ||| qw: Version: 0.3-a-52-g30416fa
     0 | D:1      | 0 ||| qw: Game counter: 7747
     0 | D:1      | 0 ||| qw: Melee chars always use a shield: true
     0 | D:1      | 0 ||| qw: God list: Okawaru
     0 | D:1      | 0 ||| qw: Allow faded altars: false
     0 | D:1      | 0 ||| qw: Do Orc after clearing Dungeon:15 true
     0 | D:1      | 0 ||| qw: Do second Lair branch before Depths: true
     0 | D:1      | 0 ||| qw: Lair rune preference: random
     0 | D:1      | 0 ||| qw: Goals: Normal
     0 | D:1      | 0 ||| PLANNING D:1-11
    60 | D:1      | Reached skill level 3 in Ranged Weapons
    60 | D:1      | Reached XP level 2. HP: 14/23 MP: 2/2
   536 | D:1      | Reached XP level 3. HP: 29/29 MP: 3/3
   846 | D:1      | 846 ||| UPGRADING to +0 leather armour.
   856 | D:1      | 856 ||| DROPPING +0 robe.
   857 | D:1      | 857 ||| UPGRADING to +0 cloak.
   862 | D:1      | 862 ||| UPGRADING to ring of positive energy.
   863 | D:1      | 863 ||| READING scroll labelled ETAOXT BEIC.
   868 | D:1      | 868 ||| READING scroll labelled LUHUTILUA.
   869 | D:1      | 869 ||| READING scroll labelled YDUNTU VOIPO.
   870 | D:1      | 870 ||| DRINKING 2 fuming puce potions.
   871 | D:1      | 871 ||| DROPPING scroll of poison.
   872 | D:1      | 872 ||| DROPPING potion of invisibility.
   901 | D:2      | Reached skill level 4 in Ranged Weapons
   903 | D:2      | Noticed a phantom
   920 | D:2      | HP: 4/29 [frozen (4)]
   923 | D:2      | HP: 1/29 [frozen (4)]
   925 | D:2      | Frozen to death by an endoplasm

Levels and vault maps discovered:
D:1:      lightli_arrival_noodles, layout_loops_cross,
          chequers_serial_rivers_micro_a, nicolae_figureground_pulse
D:2:      layout_basic, minivault_25, due_unseen_surprise, uniq_robin

Skill      XL: |  1  2  3 |
---------------+----------+-----
Ranged Weapons | 3 4 |  4.1
Fighting       | 2 |  2.0
Dodging        | |  2.1
Spellcasting   | |  1.0
Hexes          | |  2.0

Action                     || total
---------------------------++-------
   Fire: Sling             ||   100
    Use: Scroll            ||     3
         Potion            ||     1
 Armour: Robe              ||     3
         Leather armour    ||     7
  Dodge: Dodged            ||    33

Table legend:
 A = Non-vault XP
 B = Vault XP
 C = Vault XP percentage of total XP
 D = Non-vault monster count
 E = Vault monster count
 F = Vault count percentage of total count
                 A         B        C        D         E       F
            +---------+---------+-------+---------+---------+-------
      Total |      73 |       0 |   0.0 |      27 |       0 |   0.0
            +---------+---------+-------+---------+---------+-------
        D:1 |      47 |       0 |   0.0 |      25 |       0 |   0.0
        D:2 |      26 |       0 |   0.0 |       2 |       0 |   0.0
            +---------+---------+-------+---------+---------+-------
